 Dungeon Crawl Stone Soup version 0.25-a0-589-g1e14c549ee (webtiles) character file.

Game seed: 7648910695505249055, levelgen mode: deterministic

12839 Flugkiller the Nimble (level 11, -6/82 HPs)
             Began as an Octopode Wanderer on Mar 10, 2020.
             Was a Believer of Uskayaw.
             Mangled by an ice devil (7 damage)
             ... in an ice cave.
             The game lasted 00:39:41 (16325 turns).

Flugkiller the Nimble (Octopode Wanderer)          Turns: 16325, Time: 00:39:42

Health: -6/82      AC:  9    Str: 17    XL:     11   Next: 99%
Magic:  16/20      EV: 20    Int: 13    God:    Uskayaw [**....]
Gold:   348        SH:  0    Dex: 15    Spells: 13/22 levels left

rFire    . . .     SeeInvis .   b - +0 short sword
rCold    + . .     Gourm    .   (no shield)
rNeg     . . .     Faith    +   (helmet restricted)
rPois    .         Spirit   .   v - amulet of faith
rElec    .         Reflect  .   B - +3 ring of protection
rCorr    .         Harm     .   E - +4 ring of strength
MR       .....                  G - +4 ring of protection
Stlth    ++++......             J - ring of protection from fire
HPRegen  0.23/turn              g - ring of ice
MPRegen  0.17/turn              (no ring)
                                (no ring)
                                (no ring)

@: no status effects
A: almost no armour, stealthy swim, amphibious, 8 rings, constrict 8, antennae
1, camouflage 1, robust 1, shaggy fur 1, gelatinous body 1
a: Stomp, Line Pass, Renounce Religion


You were in an ice cave.
You worshipped Uskayaw.
Uskayaw was noncommittal.
You were not hungry.

You visited 3 branches of the dungeon, and saw 13 of its levels.
You also visited: Ice Cave.

You collected 628 gold pieces.
You spent 280 gold pieces at shops.

Inventory:

Hand Weapons
 a - a +2 shortbow
 b - a +0 short sword (weapon)
   (You took it off a kobold on level 1 of the Dungeon)
 j - a +3 antimagic spear
   (You took it off a gnoll sergeant on level 7 of the Dungeon)
 n - a +0 vampiric dagger
   (You took it off a goblin on level 1 of the Dungeon)
 o - a +0 lajatang
   (You found it on level 4 of the Dungeon)
 u - a +0 broad axe
   (You took it off a gnoll shaman on level 3 of the Dungeon)
 I - a +1 whip of electrocution
   (You took it off an orc on level 10 of the Dungeon)
Missiles
 d - 29 poisoned darts
 e - 98 arrows
 A - 5 atropa-tipped darts
 F - 6 javelins (quivered)
Jewellery
 g - a ring of ice (on tentacle)
   (You took it off Fannar on level 10 of the Dungeon)
 v - an amulet of faith (around mantle)
   (You found it on level 4 of the Dungeon)
 B - a +3 ring of protection (left tentacle)
   (You found it on level 5 of the Dungeon)
 E - a +4 ring of strength (right tentacle)
   (You found it on level 8 of the Dungeon)
 G - a +4 ring of protection (on tentacle)
   (You found it on level 9 of the Dungeon)
 J - a ring of protection from fire (on tentacle)
   (You found it on level 10 of the Dungeon)
Wands
 H - a wand of iceblast (6)
   (You found it on level 9 of the Dungeon)
Scrolls
 h - 2 scrolls of magic mapping
 l - a scroll of teleportation
 m - a scroll of immolation
 q - 3 scrolls of remove curse
 r - a scroll of enchant armour
 s - 4 scrolls of amnesia
 t - 2 scrolls of fog
 w - a scroll of blinking
 x - 3 scrolls of enchant weapon
 y - a scroll of fear
Potions
 c - 3 potions of curing
 i - a potion of mutation
 k - a potion of flight
 p - a potion of magic
 D - a potion of stabbing
 K - a potion of cancellation
Miscellaneous
 L - a sack of spiders
Comestibles
 f - 12 rations


   Skills:
 - Level 7.0 Fighting
 - Level 5.0 Short Blades
 - Level 2.0 Maces & Flails
 - Level 2.1 Bows
 - Level 2.0 Throwing
 + Level 10.4 Dodging
 - Level 6.1 Stealth
 - Level 6.1 Spellcasting
 - Level 6.3 Conjurations
 - Level 6.0 Hexes
 - Level 2.0 Fire Magic
 - Level 2.0 Air Magic
 - Level 3.0 Poison Magic
 - Level 5.3 Invocations


You had 13 spell levels left.
You knew the following spells:

 Your Spells              Type           Power        Failure   Level  Hunger
a - Confusing Touch       Hex            ###.....     4%          3    ###....
c - Conjure Flame         Conj/Fire      ##......     9%          3    ###....
d - Mephitic Cloud        Conj/Pois/Air  ##......     11%         3    ###....

Your spell library contained the following spells:

 Spells                   Type           Power        Failure   Level  Hunger
 Magic Dart               Conj           ###.         1%          1    None
 Slow                     Hex            ###.....     2%          2    ##.....
 Blink                    Tloc           N/A          26%         2    ##.....
 Call Imp                 Summ           #.......     26%         2    ##.....
 Gell's Gravitas          Tloc           #.........   45%         3    ###....
 Metabolic Englaciation   Hex/Ice        ###.......   80%         5    ######.
 Yara's Violent Unravell  Hex/Tmut       ##........   80%         5    ######.
 Petrify                  Tmut/Erth      #.......     86%         4    ####...


Dungeon Overview and Level Annotations

Branches:
Dungeon (10/15)            Temple (1/1) D:4            Lair (2/6) D:8
  IceCv (1/1)
  Swamp: Lair:2-4    Shoals: Lair:2-4     Snake: Lair:2-4    Spider: Lair:2-4
    Orc: D:9-12

Altars:
Ashenzari
Cheibriados
Dithmenos
Elyvilon
Fedhas
Gozag
Hepliaklqana
Kikubaaqudgha
Nemelex Xobeh
Okawaru
Qazlal
Ru
Sif Muna
Trog
Uskayaw
Vehumet
Wu Jian
Xom
Yredelemnul
Zin
The Shining One

Shops:
D:4 :

Annotations:
D:2 2 transporters
D:3 exclusion: giant cockroach, Grinder
D:7 exclusion: ogre, Harold
D:8 exclusion: 2 two-headed ogres, Joseph
D:9 Psyche


Innate Abilities, Weirdness & Mutations

You cannot wear most types of armour.
You are very stealthy in the water. (Stealth+)
You are amphibious.
You can wear up to eight rings at the same time.
You can use your tentacles to constrict eight enemies at once.
Your skin changes colour to match your surroundings (Stealth+).
Your rubbery body absorbs attacks. (AC +1, EV +1)
You have a pair of small antennae on your head.
You are robust. (+10% HP)
You are covered in fur. (AC +1)


Message History

The ice devil freezes you! You resist.
* * * LOW HITPOINT WARNING * * *
The white imp completely misses you.
Uskayaw will force your foes to helplessly watch your dance.
Uskayaw prepares the audience for your solo!
The helpless ice devil fails to defend itself.
You impale the ice devil!!
You kill the ice devil!
You constrict the white imp.
The helpless white imp fails to defend itself.
You impale the white imp!!
You kill the white imp!
The ice devil hits you!
* * * LOW HITPOINT WARNING * * *
The ice devil freezes you. You resist.
* * * LOW HITPOINT WARNING * * *
You feel better. The ice devil closely misses you.
Unknown command.
Evoke which item? (* to show all) (? for menu, Esc to quit)
Okay, then.
Unknown command.
You feel better.
The ice devil hits you but does no damage.
Aiming: Line Pass
Press: ? - help, Dir - move target cursor The ice devil appears confused.
You feel somewhat more hungry.
Evoke which item? (* to show all) (? for menu, Esc to quit)
Okay, then.
Okay, then.
Unknown command.
Evoke which item? (* to show all) (? for menu, Esc to quit)
You reach into the bag... ...but nothing happens.
You hit the ice devil. You grab the ice devil.
The ice devil is lightly wounded.
You constrict the ice devil.
The ice devil seems less confused.
The ice devil hits you!
* * * LOW HITPOINT WARNING * * *
The ice devil freezes you! You resist.
* * * LOW HITPOINT WARNING * * *
You hit the ice devil but do no damage.
You squeeze the ice devil, but do no damage.
The ice devil is lightly wounded.
You constrict the ice devil, but do no damage.
The ice devil barely misses you.
Unknown command.
You hit the ice devil.
The ice devil is lightly wounded.
You constrict the ice devil, but do no damage.
The ice devil hits you!
You die...

####...#
##..#..##
##...#..#
#.......#
##..##...#
#...###..#
#..##.#.##
#..#.4..##
#..##@...#
4§○
##..#....#
°°4§
#..##..)##§§.
##..#.)##§§#
#..####○.#
##.###...#
##..#..#
#....# ##..##


You could see an ice devil.

Vanquished Creatures
  Fannar (D:10)
  A hydra (Lair:1)
  Pikel (D:9)
  A manticore (Lair:2)
  2 ice statues (IceCv)
  A spiny frog (Lair:1)
  A rime drake (Lair:1)
  3 ice devils
  Prince Ribbit (D:5)
  6 hippogriffs
  A dream sheep (Lair:1)
  Sigmund (D:3)
  7 yaks
  A wyvern (Lair:2)
  A hungry ghost (D:10)
  A soldier ant (Lair:2)
  5 water moccasins
  6 porcupines
  Duvessa (D:5)
  A black bear (D:10)
  A slave (D:9)
  5 orc warriors
  A phantom (D:8)
  2 sky beasts
  4 wolves (Lair:2)
  2 necrophages
  2 ogres (D:8)
  A crocodile (Lair:1)
  2 big kobolds
  A gnoll sergeant (D:7)
  4 bullfrogs
  Dowan (D:5)
  3 scorpions
  3 killer bees (D:9)
  3 wights (D:7)
  2 centaur zombies
  2 crimson imps (D:10)
  A quasit (D:6)
  A bullfrog zombie (D:9)
  4 bullfrog skeletons
  5 hounds
  5 orc wizards
  3 orc priests
  3 jellies
  2 gnoll shamans
  4 hell rats (Lair:1)
  3 iguanas
  Ijyb (D:3)
  Terence (D:3)
  6 worker ants
  A hound zombie (D:5)
  A howler monkey skeleton (D:6)
  12 gnolls
  9 river rats (Lair:1)
  12 adders
  2 shadow imps
  9 white imps
  6 ufetubi (IceCv)
  An ooze (D:2)
  An adder zombie (D:2)
  A dart slug (D:1)
  4 leopard geckos
  28 orcs
  4 bats
  A bat zombie (D:2)
  3 giant cockroaches
  15 goblins
  14 hobgoblins
  8 jackals
  2 quokkas (D:3)
  5 frilled lizards
  2 goblin skeletons (D:6)
  A goblin zombie (D:6)
  15 kobolds
  3 kobold zombies (D:6)
  2 orc skeletons (D:6)
  An orc zombie (D:6)
  A quokka skeleton (D:4)
  29 rats
  A fungus (D:8)
  A plant (D:8)
316 creatures vanquished.

Vanquished Creatures (others)
  A reaper (IceCv)
  A slave (D:9)
  2 orc priests (D:9)
  3 white imps (IceCv)
  An ufetubus (IceCv)
  A fungus (Lair:1)
9 creatures vanquished.

Grand Total: 325 creatures vanquished

Notes
Turn   | Place    | Note
-------+----------+-------------------------------------------
     0 | D:1      | Flugkiller the Octopode Wanderer began the quest for the
                  | Orb.
     0 | D:1      | Flugkiller set off with the following items: a +2 shortbow,
                  | 28 arrows, a potion of curing, 11 poisoned darts, a +0
                  | dagger, a ration
     0 | D:1      | Reached XP level 1. HP: 17/17 MP: 1/1
    51 | D:1      | Reached skill level 1 in Stealth
   113 | D:1      | Reached XP level 2. HP: 18/22 MP: 2/2
   359 | D:1      | Reached XP level 3. HP: 23/27 MP: 3/3
   666 | D:1      | Reached skill level 1 in Dodging
   869 | D:2      | Reached XP level 4. HP: 33/33 MP: 4/4
   918 | D:2      | Reached skill level 2 in Dodging
  1328 | D:2      | Gained mutation: You are covered in fur. (AC +1) [potion of
                  | mutation]
  1328 | D:2      | Gained mutation: You have a pair of small antennae on your
                  | head. [potion of mutation]
  1328 | D:2      | Gained mutation: You are robust. (+10% HP) [potion of
                  | mutation]
  1354 | D:2      | Found a shimmering blue altar of Sif Muna.
  1354 | D:2      | Noticed a hungry ghost
  1363 | D:2      | Found a transporter.
  1370 | D:2      | Found a transporter.
  1592 | D:3      | Noticed Ijyb
  1599 | D:3      | Paralysed by Ijyb for 6 turns
  1614 | D:3      | Killed Ijyb
  1614 | D:3      | Reached skill level 3 in Dodging
  1614 | D:3      | Reached XP level 5. HP: 33/40 MP: 5/5
  1621 | D:3      | Noticed Terence
  1674 | D:3      | Killed Terence
  1835 | D:3      | Reached skill level 4 in Dodging
  1945 | D:3      | Noticed Grinder
  2067 | D:3      | Found a blossoming altar of Fedhas.
  2096 | D:3      | Noticed Sigmund
  2301 | D:3      | Killed Sigmund
  2301 | D:3      | Reached XP level 6. HP: 47/47 MP: 6/6
  2564 | D:3      | Found a white marble altar of Elyvilon.
  3130 | D:3      | Reached XP level 7. HP: 34/53 MP: 7/7
  3366 | D:4      | Found Hefidyc's Book Shoppe.
  3451 | D:4      | Found a staircase to the Ecumenical Temple.
  3477 | Temple   | Entered the Ecumenical Temple
  3856 | Temple   | Became a worshipper of Uskayaw the Reveler
  3972 | D:4      | Reached * piety under Uskayaw
  3975 | D:4      | Reached ** piety under Uskayaw
  4171 | D:4      | Reached skill level 1 in Invocations
  4171 | D:4      | Reached *** piety under Uskayaw
  4257 | D:4      | Found a sacrificial altar of Ru.
  4423 | D:4      | Reached skill level 5 in Dodging
  4435 | D:4      | Reached skill level 5 in Fighting
  4512 | D:5      | Entered Level 5 of the Dungeon
  4859 | D:5      | Noticed Prince Ribbit
  4883 | D:5      | Killed Prince Ribbit
  4883 | D:5      | Reached XP level 8. HP: 59/60 MP: 8/10
  4883 | D:5      | Reached **** piety under Uskayaw
  4973 | D:5      | Reached skill level 6 in Dodging
  5093 | D:5      | Noticed Duvessa
  5093 | D:5      | Noticed Dowan
  5108 | D:5      | Killed Duvessa
  5118 | D:5      | Killed Dowan
  5700 | D:6      | Found a glowing golden altar of the Shining One.
  5758 | D:6      | Reached skill level 7 in Dodging
  6139 | D:6      | Reached skill level 8 in Dodging
  6279 | D:6      | Found a shattered altar of Ashenzari.
  6431 | D:6      | Found a sacrificial altar of Ru.
  6440 | D:6      | Reached XP level 9. HP: 63/68 MP: 11/11
  6677 | D:4      | Bought a book of Minor Magic for 280 gold pieces
  6681 | D:4      | Learned a level 3 spell: Conjure Flame
  6824 | D:7      | Noticed Harold
  7019 | D:7      | Reached skill level 1 in Spellcasting
  7019 | D:7      | Reached skill level 1 in Conjurations
  7019 | D:7      | Reached skill level 1 in Fire Magic
  7519 | D:7      | Reached skill level 5 in Short Blades
  8503 | D:8      | Noticed a two-headed ogre
  8589 | D:8      | Learned a level 3 spell: Mephitic Cloud
  8630 | D:8      | Noticed a two-headed ogre
  8798 | D:8      | Reached skill level 1 in Poison Magic
  8853 | D:8      | Noticed Joseph
  8929 | D:8      | Reached skill level 1 in Air Magic
  9167 | D:9      | Found an ancient bone altar of Kikubaaqudgha.
  9167 | D:9      | Noticed Psyche
  9232 | D:9      | Reached XP level 10. HP: 73/74 MP: 16/16
  9475 | D:9      | Found a bloodstained altar of Trog.
  9475 | D:9      | Found an opulent altar of Gozag.
  9475 | D:9      | Found a hazy altar of Hepliaklqana.
  9512 | D:9      | Reached skill level 5 in Conjurations
  9615 | D:9      | Reached skill level 5 in Spellcasting
  9669 | D:9      | Noticed Pikel
  9683 | D:9      | Killed Pikel
  9882 | D:9      | Found a stormy altar of Qazlal.
 10250 | D:10     | Entered Level 10 of the Dungeon
 10282 | D:10     | Reached ***** piety under Uskayaw
 10489 | D:10     | Noticed Fannar
 10665 | D:10     | Found a shadowy altar of Dithmenos.
 10908 | D:10     | Killed Fannar
 10908 | D:10     | Reached skill level 5 in Invocations
 11200 | D:10     | Reached skill level 5 in Stealth
 11207 | D:10     | Reached XP level 11. HP: 79/79 MP: 11/20
 11572 | D:10     | Learned a level 3 spell: Confusing Touch
 11799 | D:8      | Found a staircase to the Lair.
 11810 | Lair:1   | Entered Level 1 of the Lair of Beasts
 11861 | Lair:1   | Reached skill level 1 in Hexes
 12947 | Lair:1   | Reached skill level 9 in Dodging
 13157 | Lair:1   | Noticed a seven-headed hydra
 13189 | Lair:1   | Killed a seven-headed hydra
 13634 | Lair:2   | Noticed a manticore
 13641 | Lair:2   | Killed a manticore
 13664 | Lair:1   | Reached skill level 5 in Hexes
 14110 | Lair:2   | Found a frozen archway.
 14122 | Lair:2   | Reached skill level 10 in Dodging
 14230 | IceCv    | Entered an ice cave
 14322 | IceCv    | Killed a reaper
 16323 | IceCv    | HP: 1/82 [ice devil (10)]
 16325 | IceCv    | Mangled by an ice devil

Levels and vault maps discovered:
D:1:      eino_arrival_cavern_c, layout_basic, feat_on_display
D:2:      layout_rooms, gammafunk_temple_overflow_arena, serial_undead,
          serial_undead_c, serial_undead_d, serial_undead_d, serial_undead_c,
          serial_undead_b, kennysheep_potato
D:3:      layout_loops_ring, fedhas_altar_fruit_tree, elyvilon_altar_3,
          first_ration, minivault_25, grunt_ministairs_9, minmay_rat_hole,
          uniq_grinder, uniq_terence, uniq_sigmund, uniq_ijyb
D:4:      layout_gridville, minmay_temple_entry_offerings, serial_shops,
          kennysheep_mini, kennysheep_flooded_box
D:5:      layout_loops_ring, uniq_duvessa, uniq_prince_ribbit1
D:6:      layout_loops_ring, nicolae_overflow_hidden_temple,
          nicolae_overflow_crystal_walls, evilmike_ruin_ashenzari,
          nicolae_tso_besieged_by_evil
D:7:      layout_rooms, uniq_harold
D:8:      layout_gridville, grunt_lair_entry_orc_guard_hut, hex_medium,
          uniq_joseph
D:9:      layout_irregular_city, kiku_gazebo_pond_becter,
          chequers_temple_overflow_statue_of_worship, basic_altar, uniq_psyche,
          uniq_pikel
D:10:     layout_basic, basic_altar, uniq_fannar
Temple:   minmay_temple_forest_path
Lair:1:   layout_chaotic_city, kennysheep_abandoned_house, serial_bayou_shore_b
Lair:2:   layout_chaotic_city, minmay_shoals_entry_beasts,
          portal_ice_cave_demonic_guard, basic_altar, minivault_29,
          lemuel_fruit_fields
IceCv:    ice_cave_small_demon

Skill      XL: |  1  2  3  4  5  6  7  8  9 10 11 |
---------------+----------------------------------+-----
Stealth        | 2 4 6 |  6.1
Dodging        | 1 3 4 5 8 10 | 10.4
Short Blades   | 3 5 |  5.0
Invocations    | 3 5 |  5.3
Fighting       | 5 6 7 |  7.0
Spellcasting   | 4 6 |  6.1
Conjurations   | 4 6 |  6.3
Fire Magic     | 1 2 |  2.0
Poison Magic   | 2 3 |  3.0
Air Magic      | 1 2 |  2.0
Hexes          | 6 |  6.0
Maces & Flails | |  2.0
Bows           | |  2.1
Throwing       | |  2.0

Action                   |  1- 3 |  4- 6 |  7- 9 | 10-12 || total
-------------------------+-------+-------+-------+-------++-------
Melee: Short sword       |    35 |   127 |   333 |   574 ||  1069
       Dagger            |     3 |       |       |     9 ||    12
       Constrict         |    10 |    37 |    75 |    67 ||   189
       Tentacles         |     3 |    24 |    91 |   193 ||   311
       Whip              |       |       |       |    35 ||    35
       Unarmed           |       |       |       |    20 ||    20
 Fire: Shortbow          |    25 |    46 |    72 |       ||   143
Throw: Dart              |       |       |     1 |    19 ||    20
       Javelin           |       |       |       |     9 ||     9
 Cast: Conjure Flame     |       |       |       |    19 ||    19
       Mephitic Cloud    |       |       |       |    15 ||    15
       Confusing Touch   |       |       |       |     2 ||     2
Invok: Stomp             |       |       |     9 |     9 ||    18
       Line Pass         |       |       |     1 |     3 ||     4
       Grand Finale      |       |       |       |     1 ||     1
Evoke: Wand              |       |     1 |       |     4 ||     5
       Sack of spiders   |       |       |       |     1 ||     1
  Use: Scroll            |       |     4 |    13 |     5 ||    22
       Potion            |       |     2 |     1 |     8 ||    11
 Stab: Distracted        |     1 |       |     1 |     3 ||     5
       Sleeping          |       |     9 |    13 |    14 ||    36
       Paralysed         |       |       |    10 |    28 ||    38
       Confused          |       |       |       |    12 ||    12
  Eat: Chunk             |       |     7 |    17 |    11 ||    35
       Ration            |       |       |     1 |     8 ||     9
Armor: Skin              |     4 |    19 |    35 |   143 ||   201
Dodge: Dodged            |    16 |    85 |   248 |   537 ||   886

Table legend:
 A = Non-vault XP
 B = Vault XP
 C = Vault XP percentage of total XP
 D = Non-vault monster count
 E = Vault monster count
 F = Vault count percentage of total count
                 A         B        C        D         E       F
            +---------+---------+-------+---------+---------+-------
      Total |   11747 |    6595 |  36.0 |     224 |      89 |  28.4
            +---------+---------+-------+---------+---------+-------
        D:1 |      68 |       0 |   0.0 |      29 |       0 |   0.0
        D:2 |      56 |      10 |  15.2 |      15 |       5 |  25.0
        D:3 |     128 |     347 |  73.1 |      22 |      23 |  51.1
        D:4 |     318 |       0 |   0.0 |      23 |       0 |   0.0
        D:5 |     390 |     522 |  57.2 |      19 |       3 |  13.6
        D:6 |     648 |      19 |   2.8 |      15 |      10 |  40.0
        D:7 |     708 |       0 |   0.0 |      14 |       0 |   0.0
        D:8 |     937 |     620 |  39.8 |      12 |       5 |  29.4
        D:9 |     920 |     651 |  41.4 |      25 |       1 |   3.8
       D:10 |    2702 |     915 |  25.3 |      27 |       1 |   3.6
     Lair:1 |    4048 |     766 |  15.9 |      17 |      19 |  52.8
     Lair:2 |     824 |    1445 |  63.7 |       6 |       5 |  45.5
      IceCv |       0 |    1300 | 100.0 |       0 |      17 | 100.0
            +---------+---------+-------+---------+---------+-------
